[Event "Gibraltar Challengers A 2019"]
[Site "Caleta"]
[Date "2019.01.21"]
[Round "1"]
[White "Ungureanu, Sandu"]
[Black "Longa Yauca, Javier"]
[Result "0-1"]
[ECO "A00"]
[WhiteElo "2057"]
[BlackElo "2226"]
[Annotator "NA"]
[PlyCount "100"]
[EventDate "2019.01.21"]
[EventType "swiss"]
[EventCountry "GGB"]
[SourceTitle "playchess.com"]
[Source "ChessBase"]
[SourceQuality "1"]
[TimeControl "6600+10"]

1. g3 e5 2. d4 e4 3. Bg2 Nf6 4. Bg5 d5 5. Bxf6 Qxf6 6. e3 c5 7. c3 Nc6 8. Ne2 Bg4 9. h3 Bf3 10. Bxf3 Qxf3 11. O-O O-O-O 12. Nf4 Qxd1 13. Rxd1 g5 14. Nh5 f5 15. Nd2 (15. dxc5 $11 Ne5 16. b4) 15... cxd4 16. cxd4 Bd6 17. Rac1 Rhf8 18. a3 Kd7 19. b4 Rf7 (19... Ne7 $17) 20. Nb3 b6 21. b5 Ne7 22. a4 f4 23. exf4 gxf4 24. g4 Rc8 25. Rxc8 Nxc8 26. Rc1 Ne7 27. a5 Bc7 28. axb6 axb6 29. Ra1 Nc8 30. Ra8 Nd6 31. Rh8 (31. g5 $17) 31... Bd8 32. f3 Nxb5 33. Kf2 (33. Kg2 $142) 33... Nc3 34. Nc1 b5 35. Nb3 e3+ 36. Kg2 Be7 37. Nc1 e2 38. Nd3 Bh4 39. Ra8 Kc6 40. Re8 Kb6 41. Rb8+ Ka7 42. Re8 {[%emt 0:00:19] [#]} b4 $1 43. Nhxf4 Rxf4 44. Nxf4 e1=Q 45. Rxe1 Bxe1 46. Nd3 b3 47. f4 Ne4 48. f5 Bc3 49. h4 b2 50. Nxb2 $19 Bxb2 0-1

[Event "Gibraltar Challengers A 2019"]
[Site "Caleta"]
[Date "2019.01.21"]
[Round "1"]
[White "Cao Armillas, Jesus"]
[Black "Elishev, Ivan"]
[Result "0-1"]
[ECO "A41"]
[WhiteElo "2048"]
[BlackElo "2224"]
[Annotator "NA"]
[PlyCount "82"]
[EventDate "2019.01.21"]
[EventType "swiss"]
[EventCountry "GGB"]
[SourceTitle "playchess.com"]
[Source "ChessBase"]
[SourceQuality "1"]
[TimeControl "6600+10"]

1. d4 d6 2. Nf3 g6 3. c4 Bg7 4. g3 Nc6 5. Bg2 e5 {[%emt 0:00:27] LiveBook: 41 Games} 6. dxe5 Nxe5 {[%emt 0:00:37] A41: 1 d4 d6: Tartakower System and Modern Defence} 7. Nxe5 Bxe5 8. Qc2 (8. Nc3 Bg7 9. O-O Ne7 10. c5 O-O 11. cxd6 cxd6 12. Bf4 Be5 {1-0 (83) Dzagnidze,N (2550)-Stefanova,A (2489) Khanty-Mansiysk 2014}) 8... Ne7 9. Nd2 $146 ({Predecessor:} 9. Nc3 $14 Nc6 10. O-O Bg7 11. Bf4 Be6 12. Nd5 O-O 13. Rfd1 f5 14. Rac1 {1-0 (42) Mayo,A (2045)-Gulati,J (2065) Charlottetown 1997}) 9... Nc6 10. Nf3 Bg7 11. O-O (11. Bg5 $5 Qd7 12. O-O $11) 11... O-O 12. Be3 Qf6 13. Rad1 Qxb2 14. Qxb2 Bxb2 15. Rd2 Bc3 16. Rd3 Bf6 17. Rc1 Bf5 18. Rb3 ({White should try} 18. Rd2) 18... Rab8 19. Nh4 Bg4 20. Rc2 Na5 21. Ra3 {[%emt 0:03:15] [#]} b6 $1 22. Bd2 Bd4 23. Bb4 Rfd8 24. h3 Be6 25. Bxa5 bxa5 26. e3 Rb1+ 27. Kh2 Bb6 28. Nf3 Bf5 29. Rcc3 Rb2 30. Kg1 Bc5 31. Rab3 Rxa2 32. Nd4 Ra1+ 33. Kh2 a4 34. Rb7 Bb6 35. Nb5 $2 (35. Nxf5 gxf5 36. Bd5) 35... Bc8 36. Rb8 Rf8 37. Bd5 Bd7 38. Rxf8+ Kxf8 39. Na3 $19 Bc5 40. Nc2 Rc1 41. Be4 Bf5 0-1

[Event "Gibraltar Challengers A 2019"]
[Site "Caleta"]
[Date "2019.01.21"]
[Round "1"]
[White "Kukic, Boris"]
[Black "Pinho, Paulo"]
[Result "0-1"]
[ECO "B43"]
[WhiteElo "2035"]
[BlackElo "2205"]
[Annotator "NA"]
[PlyCount "118"]
[EventDate "2019.01.21"]
[EventType "swiss"]
[EventCountry "GGB"]
[SourceTitle "playchess.com"]
[Source "ChessBase"]
[SourceQuality "1"]
[TimeControl "6600+10"]

1. e4 c5 2. Nf3 e6 3. d4 cxd4 4. Nxd4 a6 5. Nc3 Qc7 6. Be3 Nf6 7. a3 b5 {[%emt 0:00:41] LiveBook: 25 Games} 8. f3 {[%emt 0:01:50] B43: Sicilian: Kan Variation: 5 Nc3} (8. Bd3 Bb7 9. Qf3 d6 10. Qg3 Nbd7 11. O-O h5 12. h3 h4 13. Qf3 Be7 14. Nb3 d5 15. Bf4 e5 {0-1 (31) Escobar Medina,A (2343)-Iturrizaga Bonelli,E (2663) Medellin 2017}) 8... Bb7 9. Qd2 d5 10. exd5 Nxd5 11. Nxd5 Bxd5 12. Bd3 Nd7 13. O-O Bd6 14. h3 $146 ({Predecessor:} 14. g3 O-O 15. c3 Ne5 {½-½ (58) Kagel,J (1175)-Zur Nieden,P (1278) Greifswald 2013}) 14... O-O 15. Kh1 Rfd8 16. Bg5 (16. Bxb5 $11 axb5 17. Nxb5) 16... f6 17. Be3 Ne5 18. Qe2 Qb7 19. Qf2 g6 20. Be4 Re8 21. Rae1 Nc4 22. Bc1 Bc5 23. b3 Nd6 24. Bxd5 Qxd5 25. Be3 e5 26. Ne2 Bxa3 27. Rd1 ({White should try} 27. Ra1 $1 $15 b4 28. c4) 27... Qc6 28. c3 Nf5 29. b4 a5 30. Bc5 $1 axb4 31. cxb4 Red8 32. Rxd8+ Rxd8 33. Nc3 Qe6 34. Ra1 Qb3 35. Qa2 Qxa2 36. Rxa2 Bc1 37. g4 Nh4 38. Be7 Rd3 39. Bxf6 Rxf3 40. Nd5 Rxh3+ 41. Rh2 Rxh2+ 42. Kxh2 g5 43. Be7 Kf7 44. Bc5 Bf4+ 45. Kg1 e4 46. Kf2 Nf3 47. Nc3 Ne5 48. Nxe4 Nxg4+ 49. Kg2 Ne3+ 50. Kf3 Nd5 51. Nf2 Ke6 52. Kg4 Nf6+ 53. Kf3 Kf5 54. Nd3 g4+ 55. Kg2 h5 56. Bf2 Bg5 57. Nc5 Ne4 58. Be1 $19 Nxc5 59. bxc5 Ke6 0-1

[Event "Gibraltar Challengers A 2019"]
[Site "Caleta"]
[Date "2019.01.21"]
[Round "1"]
[White "Herzwurm, Robert"]
[Black "Lucas Vega, Ivan"]
[Result "1/2-1/2"]
[ECO "B23"]
[WhiteElo "2021"]
[BlackElo "2203"]
[Annotator "NA"]
[PlyCount "67"]
[EventDate "2019.01.21"]
[EventType "swiss"]
[EventCountry "GGB"]
[SourceTitle "playchess.com"]
[Source "ChessBase"]
[SourceQuality "1"]
[TimeControl "6600+10"]

1. e4 c5 2. Nc3 d6 3. f4 Nc6 4. Nf3 g6 5. Bb5 Bg7 6. O-O a6 {[%emt 0:02:12] LiveBook: 4 Games B23: Closed Sicilian: Lines without g3} (6... Bd7 7. Bc4 e6 8. f5 Ne5 9. fxe6 fxe6 10. d3 Qe7 11. Bg5 Nf6 12. Nxe5 dxe5 13. Qf3 O-O 14. Qh3 Qd6 {1-0 (61) Adhiban,B (2673)-Nguyen,N (2666) Hamedan 2018}) 7. Bxc6+ bxc6 8. d3 Nh6 9. f5 gxf5 10. Ng5 $146 ({Predecessor:} 10. Qe1 fxe4 11. dxe4 Ng4 12. Qh4 Be6 {0-1 (44) Angst,R (2005)-Jussupow,N (2127) Zuerich 2010}) 10... e6 (10... fxe4 $15 11. Ngxe4 Ng4) 11. Qh5 O-O 12. Rf3 ({White should play} 12. Nxe6 $14 fxe6 13. Bxh6) 12... Qf6 13. exf5 exf5 14. Nce4 Qg6 15. Qxg6 fxg6 16. Nxd6 Ng4 17. Nxc8 (17. h3 $11 {remains equal.} Ne5 18. Rf1) 17... Rfxc8 18. h3 Ne5 19. Rf1 Re8 20. Bd2 h6 21. Nf3 Nxf3+ 22. Rxf3 Re2 23. Rd1 Bxb2 24. Kf1 Rae8 25. c3 Ba3 26. Rf2 Rxf2+ 27. Kxf2 Rb8 28. Bxh6 Rb2+ $11 29. Rd2 Rb1 30. Re2 Kf7 31. Be3 a5 32. Re1 Rb2+ 33. Re2 Rb7 34. Bg5 1/2-1/2

[Event "Gibraltar Challengers A 2019"]
[Site "Caleta"]
[Date "2019.01.21"]
[Round "1"]
[White "Boardman, Jeffrey"]
[Black "Torres, Federico"]
[Result "0-1"]
[ECO "C41"]
[WhiteElo "2005"]
[BlackElo "2196"]
[Annotator "NA"]
[PlyCount "61"]
[EventDate "2019.01.21"]
[EventType "swiss"]
[EventCountry "GGB"]
[SourceTitle "playchess.com"]
[Source "ChessBase"]
[SourceQuality "1"]
[TimeControl "6600+10"]

1. e4 e5 2. Nf3 d6 3. Bc4 c6 4. d4 Nd7 5. c3 Ngf6 6. O-O Be7 7. dxe5 {[%emt 0:20:53] C41: Philidor Defence} Nxe4 $146 ({Predecessor:} 7... dxe5 8. Qb3 O-O 9. Rd1 b5 10. Be2 Qc7 11. Nbd2 Nc5 12. Qc2 Bg4 13. b4 Ne6 14. Nb3 Rfd8 {1-0 (31) Llaneza Vega,M (2361)-Aparicio Garcia,E (2163) Madrid 2006}) 8. exd6 Nxd6 9. Bb3 Nc5 10. Be3 Nxb3 11. axb3 a6 12. Re1 O-O 13. Bc5 Be6 14. Nd4 Bd7 15. Nd2 Re8 16. Rxe7 Qxe7 17. Nc4 Qg5 18. Bxd6 Bg4 19. Qc1 Qg6 20. Bg3 c5 $18 21. Nc2 f6 22. N2e3 Be6 23. Nd6 Re7 24. Qb1 Qh5 25. c4 Rd7 26. Qe4 Bf7 27. Nxf7 Kxf7 28. Nd5 Re8 29. Qf3 Qxf3 30. gxf3 Re2 31. Rb1 0-1

[Event "Gibraltar Challengers A 2019"]
[Site "Caleta"]
[Date "2019.01.21"]
[Round "1"]
[White "Tovarek, Antonin"]
[Black "Pavlov, Egor"]
[Result "1/2-1/2"]
[ECO "B27"]
[WhiteElo "1995"]
[BlackElo "2187"]
[Annotator "NA"]
[PlyCount "68"]
[EventDate "2019.01.21"]
[EventType "swiss"]
[EventCountry "GGB"]
[SourceTitle "playchess.com"]
[Source "ChessBase"]
[SourceQuality "1"]
[TimeControl "6600+10"]

1. e4 c6 2. c4 d5 3. exd5 cxd5 4. cxd5 Nf6 5. Bb5+ Nbd7 6. Nc3 g6 7. Nf3 Bg7 8. d6 exd6 {[%emt 0:09:30] LiveBook: 8 Games} 9. Qe2+ Qe7 10. Qxe7+ Kxe7 11. d4 Nb6 12. O-O a6 {[%emt 0:04:03] B27: Sicilian: 2 Nf3, unusual Black 2nd moves} 13. Re1+ Be6 14. Bd3 h6 15. Bd2 Rac8 16. Ne4 $146 ({Predecessor:} 16. Rac1 Kd7 17. Rcd1 Rhe8 18. h3 Nbd5 19. Ne4 Nxe4 20. Bxe4 f5 21. Bb1 Ne7 22. Bc3 Nd5 23. Bd2 Ne7 {½-½ (23) Velikhanli,F (2322)-Amer,M (2220) Abu Dhabi 2004}) 16... Nfd5 17. a4 Nc4 18. Nc3 Kd7 19. Be4 Nxc3 20. Bxc3 d5 21. Bd3 Rhe8 22. h3 Kc7 23. b3 Nd6 24. Ne5 Kb8 25. Bb4 Nf5 26. Bc5 Ne7 27. b4 Nc6 28. b5 Nxe5 29. Bd6+ Ka7 30. dxe5 Rc3 31. Red1 $11 Bf8 32. Bxf8 Rxf8 33. Rab1 axb5 34. axb5 Kb6 1/2-1/2

[Event "Gibraltar Challengers A 2019"]
[Site "Caleta"]
[Date "2019.01.21"]
[Round "1"]
[White "Adewole, Adeyinka"]
[Black "Lim, Zhuo Ren"]
[Result "0-1"]
[ECO "E17"]
[WhiteElo "1972"]
[BlackElo "2178"]
[Annotator "NA"]
[PlyCount "110"]
[EventDate "2019.01.21"]
[EventType "swiss"]
[EventCountry "GGB"]
[SourceTitle "playchess.com"]
[Source "ChessBase"]
[SourceQuality "1"]
[TimeControl "6600+10"]

1. c4 Nf6 2. Nf3 e6 3. g3 d5 4. Bg2 Be7 5. O-O O-O 6. b3 b6 7. d4 Bb7 8. Ne5 Nbd7 9. Bb2 {[%emt 0:02:05] E17: Queen's Indian: 4 g3 Bb7 5 Bg2 Be7} Nxe5 (9... c5 10. cxd5 Nxd5 11. Nxd7 Qxd7 12. dxc5 Bxc5 13. a3 Rad8 14. b4 Be7 15. Qb3 Bf6 16. Rd1 Bxb2 17. Qxb2 {1-0 (34) Liu,Y (2505)-Ma,Z (2489) Tianjin 2018}) 10. dxe5 Ne4 11. Qc2 f5 12. Rd1 $146 ({Predecessor:} 12. exf6 Bxf6 13. Bxe4 dxe4 14. Bxf6 Qxf6 15. Nc3 e5 16. Rad1 Rad8 17. Rxd8 Rxd8 18. Rd1 Rxd1+ 19. Nxd1 {½-½ (19) Czartoryski,P (2061)-Korbal,A (1994) Wroclaw 2007}) 12... Bc5 13. e3 Qe7 14. Nd2 c6 15. Nf1 Ba3 16. Bd4 c5 17. Bb2 Bxb2 18. Qxb2 dxc4 19. h4 c3 20. Qc2 Qc7 21. f3 Nd2 22. Nxd2 cxd2 23. f4 Bxg2 24. Kxg2 Rad8 25. Rxd2 Rxd2+ 26. Qxd2 Rd8 27. Qc2 Qc6+ 28. Kf2 Qd5 29. Re1 Kf7 30. e4 Qd4+ 31. Kf3 g6 32. exf5 gxf5 33. Kg2 h5 34. Qf2 {[%emt 0:01:11] [#]} Qxf2+ $19 35. Kxf2 Rd2+ 36. Re2 Rxe2+ 37. Kxe2 Ke7 38. a4 a6 39. Kd3 Kd7 40. Kc3 Kc6 41. Kd3 Kd5 42. Ke3 b5 43. a5 c4 44. b4 c3 45. Kd3 c2 46. Kxc2 Ke4 47. Kc3 Ke3 48. g4 hxg4 49. h5 g3 50. h6 g2 51. h7 g1=Q 52. h8=Q Qc1+ 53. Kb3 Qc4+ 54. Ka3 Qc3+ 55. Ka2 Qc2+ 0-1

[Event "Gibraltar Challengers A 2019"]
[Site "Caleta"]
[Date "2019.01.21"]
[Round "1"]
[White "Cano Sevilla, Ivan"]
[Black "Tworzydlo, Piotr"]
[Result "1/2-1/2"]
[ECO "D00"]
[WhiteElo "1950"]
[BlackElo "2165"]
[Annotator "NA"]
[PlyCount "72"]
[EventDate "2019.01.21"]
[EventType "swiss"]
[EventCountry "GGB"]
[SourceTitle "playchess.com"]
[Source "ChessBase"]
[SourceQuality "1"]
[TimeControl "6600+10"]

1. d4 Nf6 2. Bf4 g6 3. Nc3 d5 4. Nf3 Bg7 5. e3 O-O 6. Be2 c5 7. O-O b6 {[%emt 0:05:15] LiveBook: 4 Games D00: 1 d4 d5: Unusual lines} (7... cxd4 8. exd4 Bg4 9. h3 Bxf3 10. Bxf3 Nc6 11. Ne2 b5 12. c3 e6 13. a3 a5 14. Nc1 b4 15. a4 Ne4 16. Bxe4 dxe4 {½-½ (85) Carlsen,M (2837)-Ding,L (2774) Saint Louis 2017}) 8. a4 Nc6 9. Ne5 Bb7 10. h3 $146 ({Predecessor:} 10. Qd2 Nxe5 11. Bxe5 e6 12. a5 Qd7 13. Rfd1 Rfd8 14. Ra3 Bc6 15. Bf3 {1-0 (58) Wegerle,J (2446)-Santos,J (2283) Porto 2016}) 10... Na5 11. Bf3 Rc8 12. Re1 Ne4 13. Nxe4 dxe4 14. Be2 cxd4 15. exd4 Nc6 16. Nxc6 Rxc6 17. c3 e5 18. dxe5 Qe7 19. Bb5 Rd8 20. Qg4 Rc5 21. Bg5 f6 22. exf6 Bxf6 23. Be3 Rcc8 24. Rad1 a6 25. Bd7 Rc5 26. Bxc5 $18 Qxc5 27. Qe6+ Kg7 28. Be8 Bd5 29. Rxd5 Qxd5 30. Qxd5 Rxd5 31. Bc6 Rd2 32. Rb1 Be7 33. Bxe4 Bc5 34. b4 Bxf2+ 35. Kh2 Ra2 36. Bc6 Rc2 1/2-1/2

[Event "Gibraltar Challengers A 2019"]
[Site "Caleta"]
[Date "2019.01.21"]
[Round "1"]
[White "Brown, David"]
[Black "Bengherabi, Khalil"]
[Result "0-1"]
[ECO "B76"]
[WhiteElo "1931"]
[BlackElo "2150"]
[Annotator "NA"]
[PlyCount "52"]
[EventDate "2019.01.21"]
[EventType "swiss"]
[EventCountry "GGB"]
[SourceTitle "playchess.com"]
[Source "ChessBase"]
[SourceQuality "1"]
[TimeControl "6600+10"]

1. e4 c5 2. Ne2 d6 3. Nbc3 g6 4. d4 cxd4 5. Nxd4 Bg7 6. Be3 Nf6 7. Qd2 Nc6 8. f3 O-O 9. O-O-O d5 10. exd5 Nxd5 11. Nxc6 bxc6 12. Nxd5 cxd5 13. Qxd5 Qc7 14. Qc5 Qb7 {[%emt 0:00:05] LiveBook: 181 Games} 15. b3 Bf5 {[%emt 0:01:03] B76: Sicilian Dragon: Yugoslav Attack, 9 g4 and 9 0-0-0} 16. Bc4 (16. Bd3 Rac8 17. Qa5 Rc3 18. Bxf5 Rxe3 19. Be4 Qc8 20. g4 Qb8 21. Kb1 Qf4 22. Rd8 Bc3 23. Rxf8+ Kxf8 24. Qxa7 Re2 25. a3 Qxh2 26. Rd1 {½-½ (26) Kribben,M (2652)-Lecroq,M (2609) ICCF email 2011}) 16... Rac8 17. Qa3 $1 ({But not} 17. Qxa7 $2 {[#]} Rxc4 $1 18. Rd2 (18. Qxb7 $2 {is a self mate.} Rxc2+ {[%mdl 64] Double Attack} 19. Kb1 Rc6+ 20. Rd3 Bxd3#) 18... Qb4 $1 $19 ) 17... Qc7 18. Rd5 e6 $146 ({Predecessor:} 18... Qc6 19. Rhd1 Qf6 20. R5d4 Qe5 21. Bf4 Qf6 22. Qa5 Qh4 23. Bg3 Qxd4 24. Rxd4 Bxd4 {1-0 (49) Tormos,M-Vidal Gonzalez,A Orense 1997}) 19. Ra5 Bc3 20. Rc5 ({But not} 20. Rxa7 $2 Qe5 $19) 20... Qb6 $2 {[%emt 0:00:52] [#]} (20... Qe7 $1 $11) 21. Re5 $2 ({White must play} 21. Kb1 $1 $16 Bb4 22. Rxc8 Qxe3 23. Qxb4 (23. Rxf8+ Bxf8 24. Qa6 Qf2 $14) 23... Rxc8 24. Rd1) 21... Qd8 $15 22. Rc5 Qf6 23. Rd1 Rb8 24. Rb5 Rbd8 25. Rxd8 Rxd8 26. Qxa7 Bb2+ 0-1

[Event "Gibraltar Challengers A 2019"]
[Site "Caleta"]
[Date "2019.01.21"]
[Round "1"]
[White "Obiamiwe, Paul"]
[Black "Jordan Martinez, Miguel"]
[Result "0-1"]
[ECO "E94"]
[WhiteElo "1903"]
[BlackElo "2142"]
[Annotator "NA"]
[PlyCount "94"]
[EventDate "2019.01.21"]
[EventType "swiss"]
[EventCountry "GGB"]
[SourceTitle "playchess.com"]
[Source "ChessBase"]
[SourceQuality "1"]
[TimeControl "6600+10"]

1. Nf3 Nf6 2. c4 d6 3. d4 Nbd7 4. Nc3 g6 5. e4 Bg7 6. Be2 e5 7. O-O O-O 8. Bg5 h6 9. Bh4 g5 10. Bg3 Nh5 11. dxe5 Nxg3 12. hxg3 Nxe5 13. Nd4 {[%emt 0:03:41] E94: King's Indian: Classical: 6 Be2 e5 7 0-0: Various Black 7th moves} Nc6 14. Nf3 $146 ({Predecessor:} 14. Nc2 Bxc3 15. bxc3 Qe7 16. Ne3 Qxe4 17. Nd5 Qg6 18. Nxc7 Rb8 19. f4 g4 20. Nd5 Bf5 21. Bxg4 Bxg4 22. Qxg4 Qxg4 {1-0 (29) Pliester,L (2380)-Van Wessel,R Groningen 1994}) 14... Be6 15. Rc1 g4 16. Nh4 Qg5 17. b3 Nd4 18. Bd3 c6 19. Ne2 Rad8 20. Bb1 c5 21. Nxd4 Bxd4 22. Qd3 Rfe8 23. Rcd1 Qg7 24. Kh2 Bd7 25. a4 Re5 26. Nf5 Bxf5 $1 27. exf5 Rde8 $17 28. Rd2 Qg5 29. Qc2 Re1 30. Rd1 R1e2 31. Qc1 Qxc1 32. Rxc1 Rxf2 33. Rxf2 Bxf2 34. Rf1 Bd4 35. Bc2 f6 36. Rf4 h5 37. Re4 Be5 38. Kg1 Kg7 39. Kf1 Rd8 40. Kf2 Kh6 41. Re2 d5 42. cxd5 Rxd5 43. Be4 Rd7 44. Rc2 b6 45. Ra2 Rd4 46. Re2 Kg5 47. Bc2 a6 0-1

[Event "Gibraltar Challengers A 2019"]
[Site "Caleta"]
[Date "2019.01.21"]
[Round "1"]
[White "Erdogan, Hassan"]
[Black "Ramasindraibe, Girard"]
[Result "1-0"]
[ECO "A48"]
[WhiteElo "1833"]
[BlackElo "2129"]
[Annotator "NA"]
[PlyCount "135"]
[EventDate "2019.01.21"]
[EventType "swiss"]
[EventCountry "GGB"]
[SourceTitle "playchess.com"]
[Source "ChessBase"]
[SourceQuality "1"]
[TimeControl "6600+10"]

1. d4 Nf6 2. Bf4 g6 3. e3 Bg7 4. Nf3 d6 5. Nbd2 Nh5 6. Bg3 {[%emt 0:02:54] A48: 1 d4 Nf6 2 Nf3 g6: Torre, London and Colle Systems} O-O 7. Be2 Nd7 8. O-O e5 9. c3 Nxg3 10. hxg3 Qe7 11. Qc2 $146 ({Predecessor:} 11. a4 e4 12. Nh2 a5 13. Rc1 h6 14. b4 c6 {0-1 (45) Toth,T (1994)-Hardicsay,P (2316) Hungary 2006}) 11... Kh8 12. dxe5 Nxe5 13. Nxe5 Qxe5 14. Nf3 Qc5 15. Nd4 a6 16. a4 Rb8 17. Rfd1 Bd7 18. a5 Qe5 19. Bf3 Bf6 20. Qe4 Kg7 21. Qxe5 Bxe5 22. Be2 h5 23. Rab1 Rh8 24. Nf3 Bf6 25. c4 Rbd8 26. b4 Ba4 27. Rdc1 Bd7 28. b5 Bf5 29. Rb3 Rb8 30. Nd4 Bd7 31. Rcb1 axb5 32. cxb5 Rhe8 33. Kf1 h4 34. gxh4 Bxh4 35. Bf3 $16 Re5 36. a6 bxa6 37. bxa6 Rxb3 38. Rxb3 Ra5 39. g3 Bf6 40. Rb7 Bh3+ 41. Ke2 c5 42. Bd5 cxd4 43. Rxf7+ Kh6 44. a7 d3+ 45. Kd2 Bc3+ 46. Kxc3 d2 47. Bf3 Bg2 48. Kxd2 Bxf3 49. Rxf3 Rxa7 50. Kd3 Kg5 51. Kd4 Ra5 52. Rf8 Rb5 53. f3 Rb1 54. Ke4 Rd1 55. f4+ Kg4 56. Rg8 Kxg3 57. Rxg6+ Kf2 58. f5 Rh1 59. f6 Rh4+ 60. Kd5 Kxe3 61. Kxd6 Rd4+ 62. Ke7 Re4+ 63. Kf7 Kf4 64. Kg7 Kf5 65. f7 Re7 66. Rf6+ Kg5 67. Rf1 Ra7 68. Kg8 1-0

[Event "Gibraltar Challengers A 2019"]
[Site "Caleta"]
[Date "2019.01.21"]
[Round "1"]
[White "Hestvik, Elias"]
[Black "Alarcon Olmos, Daniel"]
[Result "0-1"]
[ECO "B32"]
[WhiteElo "1740"]
[BlackElo "2124"]
[Annotator "NA"]
[PlyCount "59"]
[EventDate "2019.01.21"]
[EventType "swiss"]
[EventCountry "GGB"]
[SourceTitle "playchess.com"]
[Source "ChessBase"]
[SourceQuality "1"]
[TimeControl "6600+10"]

1. e4 c5 2. Nf3 Nc6 3. d4 cxd4 4. Nxd4 e5 5. Nb5 a6 6. Nd6+ Bxd6 7. Qxd6 Qf6 8. Qd3 {[%emt 0:07:53] B32: Sicilian: Löwenthal and Kalashnikov Variations} (8. Qd1 Qg6 9. Nc3 Nge7 10. h4 h5 11. Be3 d5 12. exd5 Nb4 13. Bd3 Nxd3+ 14. Qxd3 Qxd3 15. cxd3 Bf5 16. Bc5 Rd8 17. d6 Nc8 18. O-O-O Nxd6 {½-½ (57) Van Foreest,J (2638)-Wirig,A (2504) Brest 2018}) 8... Qg6 9. g3 d5 $146 ({Predecessor:} 9... Nf6 10. Bg2 O-O 11. O-O d5 12. exd5 Qxd3 13. cxd3 Nb4 14. Nc3 Nxd3 15. b3 Nxc1 16. Raxc1 {1-0 (47) Vergara Jofre,F (2077)-Huanca Perez,J (1466) Antofagasta 2015}) 10. Bg2 Nf6 11. Nd2 Be6 12. O-O O-O 13. Re1 Rac8 14. c3 Rfd8 15. Qe2 d4 16. Nf3 Bg4 17. h3 Bxf3 18. Qxf3 dxc3 19. bxc3 Na5 20. Rb1 b5 21. a4 $11 bxa4 22. Rb4 Ne8 23. Rxa4 Nb3 24. Bf1 Nc5 25. Ra3 Rc6 26. Bc4 Rf6 27. Qe2 Nc7 28. Ra5 Nxe4 29. Rxe5 Rxf2 30. Qg4 0-1

[Event "Gibraltar Challengers A 2019"]
[Site "Caleta"]
[Date "2019.01.22"]
[Round "2"]
[White "Villar Reymundo, Juan Antonio"]
[Black "Crespo, Eugenio"]
[Result "1-0"]
[ECO "D55"]
[WhiteElo "2237"]
[BlackElo "2169"]
[Annotator "NA"]
[PlyCount "114"]
[EventDate "2019.01.18"]
[EventType "swiss"]
[EventCountry "GGB"]
[SourceTitle "playchess.com"]
[Source "ChessBase"]
[SourceQuality "1"]
[TimeControl "6600+10"]

1. d4 Nf6 2. Nf3 e6 3. c4 d5 4. Bg5 Be7 5. Nc3 h6 6. Bh4 O-O 7. Qc2 b6 8. cxd5 Nxd5 9. Nxd5 exd5 {[%emt 0:00:34] LiveBook: 5 Games} 10. Bxe7 Qxe7 11. Rc1 c6 12. e3 Be6 13. Bd3 Rc8 14. O-O c5 15. dxc5 {[%emt 0:01:26] D55: Queen's Gambit Declined: 4 Bg5 Be7: Lines without ...h6 and 6...h6 7 Bxf6} bxc5 16. e4 Qb7 $146 ({Predecessor:} 16... c4 17. Be2 Nd7 18. Rfd1 dxe4 19. Qxe4 Nf6 20. Qe3 Qb4 21. Nd4 Re8 22. Nxe6 Rxe6 {½-½ (66) Al Saffar,A (2266)-Namer,M (2206) Al Ain 2008}) 17. exd5 Bxd5 18. Bf5 Rd8 19. Rfd1 Na6 20. Ne1 Bxa2 21. Bh7+ Kh8 22. Be4 Bd5 23. Rxd5 Rxd5 24. Qc4 Rad8 25. Nd3 Qd7 26. Qxa6 Rxd3 27. Bxd3 Qxd3 28. Qxd3 Rxd3 29. Kf1 $11 Rd2 30. Rxc5 Rxb2 31. Rc7 Ra2 32. Rxf7 Kg8 33. Rb7 a5 34. g4 a4 35. Kg2 a3 36. Ra7 Ra1 37. h4 Kf8 38. Kf3 a2 39. Kf4 Ke8 40. Kf5 Rh1 41. Rxa2 Rxh4 42. Ra7 Kf8 43. f4 Rh1 44. Kg6 Rg1 45. g5 hxg5 46. fxg5 Rg2 47. Ra8+ Ke7 48. Rg8 Ra2 49. Rxg7+ Kf8 50. Rb7 Ra6+ 51. Kh7 Ra1 52. Kh6 Rh1+ 53. Kg6 Ra1 54. Rb8+ Ke7 55. Kg7 Ra7 56. g6 Ke6+ 57. Kh6 Ra2 1-0

[Event "Gibraltar Challengers A 2019"]
[Site "Caleta"]
[Date "2019.01.22"]
[Round "2"]
[White "Longa Yauca, Javier"]
[Black "Gonzalez Gonzalez, Alfonso"]
[Result "0-1"]
[ECO "E15"]
[WhiteElo "2226"]
[BlackElo "2160"]
[Annotator "NA"]
[PlyCount "130"]
[EventDate "2019.01.18"]
[EventType "swiss"]
[EventCountry "GGB"]
[SourceTitle "playchess.com"]
[Source "ChessBase"]
[SourceQuality "1"]
[TimeControl "6600+10"]

1. d4 Nf6 2. c4 e6 3. Nf3 b6 4. g3 Ba6 5. Nbd2 d5 6. Bg2 c6 {[%emt 0:00:26] LiveBook: 27 Games E15: Queen's Indian: 4 g3 sidelines, 4 g3 Ba6 and 4 g3 Bb7 early deviations} (6... Be7 7. O-O O-O 8. Ne5 c5 9. Nb3 Bb7 10. dxc5 bxc5 11. Bg5 Na6 12. Qd2 Rc8 13. Rac1 Qc7 14. Bxf6 Bxf6 15. Ng4 Be7 16. cxd5 exd5 {½-½ (50) Nakamura,H (2769)-Karjakin,S (2780) Wijk aan Zee 2013}) 7. Ne5 Nfd7 8. Nxd7 Nxd7 9. Qa4 $146 (9. O-O $11) ({Predecessor:} 9. b3 Bb4 10. Bb2 dxc4 11. bxc4 Bxc4 12. Bxc6 Rc8 13. Bf3 Qg5 {0-1 (26) Dordzhieva,D (2081)-Vasilevich,I (2370) Ekaterinburg 2013}) 9... Bb7 10. e4 Be7 11. exd5 cxd5 12. cxd5 exd5 13. Bh3 a6 14. O-O b5 15. Qb3 O-O 16. a4 Nf6 17. Re1 Bc6 18. Nf3 bxa4 19. Qc2 Bb5 20. Bf4 Ra7 21. Ne5 Bb4 (21... Bd6 $15) 22. Re3 Qb6 23. Rd1 Nh5 24. Rf3 Rc7 25. Qf5 g6 26. Qb1 Be2 27. Bh6 Bxf3 28. Nxf3 Re8 29. Qa2 Bf8 30. Bxf8 Rxf8 31. Qxa4 Qxb2 32. Qxa6 Rc1 33. Rxc1 Qxc1+ 34. Kg2 Qc2 35. Bd7 Qe4 36. h3 Kg7 37. Bb5 Nf6 38. Bd3 Qe6 39. Qb7 Qc8 40. Qb4 Qb8 41. Qa3 Qa8 42. Qb4 $1 Qa2 43. Qb7 Qa8 $2 (43... Qa3 $19 44. Ne5 Qc3) 44. Qb4 Ne4 45. Ne5 Qa2 46. Bxe4 dxe4 47. Nc4 Qe2 48. Ne3 Ra8 49. Qc3 Qf3+ 50. Kg1 Ra2 51. d5+ Qf6 52. Qxf6+ Kxf6 53. Kf1 h5 54. Nc4 Ke7 55. h4 f6 56. Ke1 Rc2 57. Nd2 $19 Rxd2 58. Kxd2 Kd6 59. Ke3 Kxd5 60. Kf4 Kd4 61. g4 hxg4 62. Kxg4 Ke5 63. f4+ Kd4 64. f5 gxf5+ 65. Kf4 e3 0-1